 Dungeon Crawl Stone Soup version 0.20.1-1-g8b1a95d (webtiles) character file.

35 Monsterracer the Scratcher (level 3, 15/15 HPs)
             Began as a Felid Transmuter on Sept 3, 2017.
             Quit the game on level 1 of the Dungeon.
             The game lasted 00:04:02 (1588 turns).

Monsterracer the Scratcher (Felid Transmuter)       Turns: 1588, Time: 00:04:03

Health: 15/15      AC:  1    Str:  6    XL:     3   Next: 16%
Magic:  7/7        EV: 19    Int: 15    God:
Gold:   44         SH:  0    Dex: 16    Spells: 0/6 levels left
                                        Lives:  0   Deaths: 1

rFire    . . .     SeeInvis +     - Unarmed
rCold    . . .     Gourm    .   (shield unavailable)
rNeg     . . .     Faith    .   (armour unavailable)
rPois    .         Spirit   .   (helmet unavailable)
rElec    .         Reflect  .   (cloak unavailable)
rCorr    .         Harm     .   (gloves unavailable)
MR       .....                  (boots unavailable)
Stlth    ++........             (no amulet)
Regen    0.1/turn               k - +1 ring of evasion
MPRegen  0.1/turn               (no ring)

@: quick
A: no armour, no weapons or thrown items, stealth, claws 1, fangs 3, see
invisible, carnivore 3, speed 1, shaggy fur 1, slow metabolism 1, sharp paws
a: no special abilities


You were on level 1 of the Dungeon.
You were not hungry.

You visited 1 branch of the dungeon, and saw 2 of its levels.

You collected 44 gold pieces.

Inventory:

Missiles
 a - 11 arrows
Jewellery
 k - a +1 ring of evasion (left paw)
Scrolls
 d - a scroll of recharging {unknown}
 e - a scroll of identify {unknown}
 f - a scroll of magic mapping {unknown}
 g - a scroll of teleportation {unknown}
 h - a scroll of blinking {unknown}
Potions
 i - a potion of agility {unknown}
 j - a potion of curing {unknown}
Books
 b - a book of Changes

   Spells                             Type                      Level
   a - Beastly Appendage              Transmutation                1
   b - Sticks to Snakes               Transmutation                2
   c - Spider Form                    Transmutation/Poison         3
   d - Ice Form                       Ice/Transmutation            4
   e - Blade Hands                    Transmutation                5
Comestibles
 c - 2 meat rations


   Skills:
 - Level 1.0 Fighting
 - Level 2.6 Dodging
 + Level 4.1 Unarmed Combat
 - Level 2.0 Spellcasting
 + Level 3.8 Transmutations


You couldn't memorise any spells.
You knew the following spells:

 Your Spells              Type           Power        Failure   Level  Hunger
a - Beastly Appendage     Tmut           ##....       4%          1    #......
b - Sticks to Snakes      Tmut           ##......     7%          2    ###....
c - Spider Form           Tmut/Pois      #.........   30%         3    ###....


Dungeon Overview and Level Annotations

Branches:
Dungeon (2/15)

Altars:


Innate Abilities, Weirdness & Mutations

You cannot wear armour.
You are incapable of wielding weapons or throwing items.
Your paws allow you to move quietly. (Stealth)
You have sharp claws.
You have razor-sharp teeth.
You have supernaturally acute eyesight. (SInv)
You are carnivorous and can eat meat at any time.
You cover ground quickly.
You are covered in fur. (AC +1)
You have a slow metabolism.
Your sharp claws are effective at attacking unaware monsters.


Message History

Damage: -5%(-1hp) hp: 95%(18hp)
The gnoll closely misses you. The gnoll completely misses you.
You climb upwards.
There is a stone staircase leading down here.
You barely miss the gnoll. The gnoll completely misses you. x2
You hit the gnoll.
The gnoll is poisoned.
The gnoll is moderately wounded.
Your transformation is almost over.
The gnoll hits you with a spear!
Ouch! That really hurt!
* * * LOW HITPOINT WARNING * * *
The gnoll barely misses you.
Huge Dmg: -63%(-12hp) hp: 32%(6hp)
The gnoll hits you from afar with a spear!
You die...
Your shape twists and changes as you die.
You are now level 3!
Your transformation has ended.
You rejoin the land of the living...
Are you sure you want to abandon this character and quit the game? (Confirm with "yes".)

#..........#.#......
#..........#.#......
#........(.#.#......
#........(.#.#......
##..................
#..........#.#......
#..........#.#######
#..........#.####
#..@.....)(.....#
#...............#
##..............#
##.............#
#######.......####
#...........
#.......####
#########


There were no monsters in sight!

Vanquished Creatures
  2 gnolls
  An adder (D:2)
  An ooze (D:1)
  A worm (D:2)
  2 leopard geckos (D:1)
  7 goblins
  5 hobgoblins (D:1)
  4 kobolds
  3 bats
  3 frilled lizards (D:1)
  4 rats
33 creatures vanquished.

Vanquished Creatures (collateral kills)
  An adder (D:2)
1 creature vanquished.

Grand Total: 34 creatures vanquished

Notes
Turn   | Place    | Note
-------+----------+-------------------------------------------
     0 | D:1      | Monsterracer the Felid Transmuter began the quest for the Orb.
     0 | D:1      | Reached XP level 1. HP: 9/9 MP: 4/4
    92 | D:1      | Reached XP level 2. HP: 9/12 MP: 6/6
   105 | D:1      | Learned a level 2 spell: Sticks to Snakes
   617 | D:1      | Reached XP level 3. HP: 14/15 MP: 7/7
   622 | D:1      | Learned a level 3 spell: Spider Form
  1044 | D:2      | Reached skill level 4 in Unarmed Combat
  1142 | D:2      | Reached XP level 4. HP: 10/19 MP: 8/8
  1318 | D:2      | HP: 4/19 [gnoll/spear (8)]
  1327 | D:2      | HP: 4/19 [bat (1)]
  1586 | D:1      | HP: 6/19 [gnoll/spear (12)]
  1587 | D:1      | Slain by a gnoll
  1588 | D:1      | Reached XP level 3. HP: -3/15 MP: 5/7
  1588 | D:1      | Quit the game

Skill      XL: |  1  2  3 |
---------------+----------+-----
Transmutations | 3 |  3.8
Unarmed Combat | 4 |  4.1
Fighting       | |  1.0
Dodging        | |  2.6
Spellcasting   | |  2.0

Action                   |  1- 3 |  4- 6 || total
-------------------------+-------+-------++-------
Melee: Unarmed           |    86 |     9 ||    95
       Bite              |     7 |       ||     7
       Headbutt          |     2 |       ||     2
 Cast: Beastly Appendage |    11 |       ||    11
       Spider Form       |     3 |     3 ||     6
       Sticks to Snakes  |     1 |       ||     1
 Stab: Sleeping          |     2 |       ||     2
  Eat: Chunk             |     8 |     1 ||     9
Armor: Skin              |     7 |     5 ||    12
Dodge: Dodged            |    53 |    34 ||    87
